 Dungeon Crawl Stone Soup version 0.25.1-8-g42b30a86e7 (webtiles) character file.

Game seed: 336145460954608683

178 hawla the Chopper (level 5, -1/63 HPs)
             Began as a Minotaur Gladiator on Dec 17, 2020.
             Killed by divine providence
             ... invoked by an orc priest
              (13 damage)
             ... on level 4 of the Dungeon.
             The game lasted 00:05:51 (2249 turns).

hawla the Chopper (Minotaur Gladiator)              Turns: 2249, Time: 00:05:53

Health: -1/63      AC: 22    Str: 19    XL:     5   Next: 32%
Magic:  4/4        EV:  2    Int:  6    God:
Gold:   129        SH:  0    Dex: 11    Spells: 4/4 levels left

rFire    + . .     SeeInvis .   a - +0 war axe
rCold    . . .     Gourm    .   (no shield)
rNeg     + + +     Faith    .   (armour currently unavailable)
rPois    +         Spirit   .   (helmet currently unavailable)
rElec    .         Reflect  .   (cloak currently unavailable)
rCorr    .         Harm     .   (gloves currently unavailable)
MR       .....     NoTele   +   (boots currently unavailable)
Stlth    +.........             (no amulet)
HPRegen  0.20/turn              n - ring of protection from fire
MPRegen  0.09/turn              (no ring)

@: tree-form, stab
A: (retaliatory headbutt)
a: no special abilities


You were on level 4 of the Dungeon.
You were not hungry.
You were a tree.
You visited 1 branch of the dungeon, and saw 4 of its levels.

You collected 129 gold pieces.

Inventory:

Hand Weapons
 a - a +0 war axe (weapon)
 r - the +4 rapier of Ointment {protect, rPois Str+3 Dex+2}
   (You found it on level 4 of the Dungeon)

   It grants its wielder temporary protection when it strikes (+7 to AC).
   It affects your strength (+3).
   It affects your dexterity (+2).
   It protects you from poison.
Missiles
 d - 4 throwing nets (quivered)
 e - 14 poisoned darts
 g - 2 javelins
Armour
 c - a +0 hat (melded)
 x - a +0 scale mail (melded)
Jewellery
 n - a ring of protection from fire (left branch)
 s - a cursed +6 ring of dexterity
Scrolls
 b - 2 scrolls of enchant armour {unknown}
 h - a scroll of immolation {unknown}
 i - 2 scrolls of teleportation {unknown}
 l - a scroll of enchant weapon {unknown}
 m - 2 scrolls of identify {unknown}
 q - 3 scrolls of remove curse {unknown}
 t - 3 scrolls of amnesia {unknown}
 u - a scroll of fear {unknown}
Potions
 k - a potion of stabbing
 v - a potion of might {unknown}
 w - a potion of degeneration {unknown}
Comestibles
 f - 10 rations
 p - a chunk of flesh


   Skills:
 - Level 2.4 Fighting
 + Level 7.3 Axes
 - Level 2.0 Throwing
 - Level 3.2 Dodging


You had 4 spell levels left.
You didn't know any spells.
Your spell library was empty.

Dungeon Overview and Level Annotations

Branches:
Dungeon (4/15)
 Temple: D:4-7

Altars:
Okawaru
Trog
Xom
Zin


Innate Abilities, Weirdness & Mutations

((You reflexively headbutt those who attack you in melee.))
((You have a pair of horns on your head.))


Message History

The leopard gecko bites you but does no damage.
You barely miss the orc priest.
The orc priest is almost dead.
You closely miss the leopard gecko. The orc hits you but does no damage.
The orc priest hits you with a +0 flail.
* * * LOW HITPOINT WARNING * * *
The leopard gecko bites you but does no damage.
You barely miss the orc priest.
The orc priest is almost dead.
You hit the leopard gecko but do no damage.
The orc barely misses you. The leopard gecko barely misses you.
The orc priest casts a cantrip, but nothing happens.
You barely miss the orc priest.
The orc priest is almost dead.
You slash the leopard gecko!
You kill the leopard gecko!
The orc hits you but does no damage.
The orc priest mumbles some strange prayers to Beogh against you.
Beogh smites you!
You die...

. #.# . #..### #.... .##
...# ..... .÷### #.###
#.....
#...####...#######......
###..##..).)............
..<.....#####.##........
####..#### #..#o).....#
##...(# ##..♣†o....#
####........).....##
########.......#
#.......# #.....$.#
##.....## #...## ####


You could see an orc priest and an orc.

Vanquished Creatures
  An orc priest (D:3)
  Jessica (D:2)
  A howler monkey skeleton (D:3)
  3 adders
  A worm (D:2)
  2 dart slugs
  A leopard gecko (D:4)
  9 orcs
  2 giant cockroaches
  13 goblins
  8 hobgoblins
  9 kobolds
  A quokka (D:3)
  11 bats
  2 frilled lizards
  7 rats
72 creatures vanquished.

Notes
Turn   | Place    | Note
-------+----------+-------------------------------------------
     0 | D:1      | hawla the Minotaur Gladiator began the quest for the Orb.
     0 | D:1      | Reached XP level 1. HP: 18/18 MP: 0/0
    15 | D:1      | Reached skill level 4 in Axes
   147 | D:1      | Reached XP level 2. HP: 25/25 MP: 1/1
   346 | D:1      | Reached skill level 5 in Axes
   450 | D:1      | Reached XP level 3. HP: 26/30 MP: 2/2
   609 | D:2      | Noticed an angel
   610 | D:2      | Found a shimmering altar of Xom.
   614 | D:2      | Found a glowing silver altar of Zin.
   865 | D:2      | Noticed Jessica
   871 | D:2      | Killed Jessica
   871 | D:2      | Reached skill level 6 in Axes
   871 | D:2      | Reached XP level 4. HP: 35/37 MP: 3/3
   907 | D:2      | Found a bloodstained altar of Trog.
  1305 | D:3      | Found an iron altar of Okawaru.
  1502 | D:3      | Reached skill level 7 in Axes
  1502 | D:3      | Reached XP level 5. HP: 36/42 MP: 4/4
  2176 | D:4      | Got a dazzling rapier
  2179 | D:4      | Identified the +4 rapier of Ointment {protect, rPois Str+3
                  | Dex+2} (You found it on level 4 of the Dungeon)
  2249 | D:4      | Killed from afar by an orc priest

Illustrated notes

Levels and vault maps discovered:
D:1:      saegor_arrival_simple_a, layout_rooms, minmay_tetromino_l2
D:2:      layout_basic, nicolae_overflow_hidden_temple,
          grunt_temple_overflow_order_and_chaos_1, first_ration,
          serial_bayou_lagoon_a, uniq_jessica
D:3:      layout_loops_ring, okawaru_trees_1
D:4:      layout_rooms, minmay_temple_entry_mini_moons, serial_shops, shop,
          kennysheep_mini, uniq_duvessa

Skill      XL: |  1  2  3  4 |
---------------+-------------+-----
Axes           | 4 5 6 7 |  7.3
Fighting       | |  2.4
Throwing       | |  2.0
Dodging        | |  3.2

Action                   |  1- 3 |  4- 6 || total
-------------------------+-------+-------++-------
Melee: War axe           |    52 |   101 ||   153
       Headbutt          |     6 |    14 ||    20
  Use: Potion            |       |     4 ||     4
  Eat: Chunk             |       |     4 ||     4
Armor: Leather armour    |    12 |       ||    12
       Ring mail         |       |    20 ||    20
       Skin              |       |    16 ||    16
       Scale mail        |       |     6 ||     6
Dodge: Dodged            |    35 |    72 ||   107
